 Dungeon Crawl Stone Soup version 0.31-a0-231-g51bb95cda3 (webtiles) character file.

Game seed: 9782042917148536525

39 qw the Shooter (level 3, 0/29 HPs)
             Began as a Minotaur Hexslinger on July 6, 2023.
             Slain by a hobgoblin (1 damage)
             ... led by Robin
             ... on level 2 of the Dungeon.
             The game lasted 00:00:22 (947 turns).

qw the Shooter (Minotaur Hexslinger)                 Turns: 947, Time: 00:00:22

Health: 0/29       AC:  5    Str: 18    XL:     3   Next: 28%
Magic:  3/3        EV: 11    Int: 10    God:
Gold:   54         SH:  0    Dex: 14    Spells: 3/4 levels left

rFire   . . .        Y - +2 sling
rCold   . . .        (no shield)
rNeg    . . .        h - +0 ring mail
rPois   .            (helmet restricted)
rElec   .            (no cloak)
rCorr   .            (no gloves)
SInv    .            (no boots)
Will    .....        (no amulet)
Stlth   +            k - +6 ring of strength
HPRegen 0.24/turn    (no ring)
MPRegen 0.08/turn

%: no passive effects
@: no status effects
A: horns 2, retaliatory headbutt
a: no special abilities


You were on level 2 of the Dungeon.
You visited 1 branch of the dungeon, and saw 2 of its levels.

You collected 54 gold pieces.


Innate Abilities, Weirdness & Mutations

You have a pair of horns on your head.
You reflexively headbutt those who attack you in melee.


   Skills:
 - Level 2.0 Fighting
 + Level 3.9 Ranged Weapons
 - Level 2.1 Dodging
 - Level 1.0 Spellcasting
 - Level 2.0 Hexes


You had 3 spell levels left.
You knew the following spells:

 Your Spells              Type           Power      Damage    Failure   Level
a - Slow                  Hex            16%        N/A       26%         1

Your spell library contained the following spells:

 Spells                   Type           Power      Damage    Failure   Level
 Inner Flame              Hex/Fire       2%         N/A       77%         3
 Portal Projectile        Hex/Tloc       4%         N/A       77%         3
 Cause Fear               Hex            2%         N/A       95%         4

Inventory:

Hand Weapons
 Y - a +2 sling (weapon)
Armour
 h - a +0 ring mail (worn)
Jewellery
 k - a +6 ring of strength (left hand)
Scrolls
 i - a scroll of identify
Potions
 d - a potion of haste

Dungeon Overview and Level Annotations

Branches:
Dungeon (2/15)

Altars:

Shops:
D:1 =

Annotations:
D:2 Robin


Message History

You shoot a sling bullet. The sling bullet hits Robin.
Robin is lightly wounded.
The hobgoblin no longer looks unusually strong.
The hobgoblin hits you but does no damage.
Robin throws the goblin at you!
You shoot a sling bullet. The sling bullet hits Robin.
Robin is lightly wounded.
The goblin no longer looks unusually strong.
The goblin hits you with a +0 club. The goblin barely misses you.
The hobgoblin hits you but does no damage.
Robin hits you but does no damage.
You shoot a sling bullet. The sling bullet hits Robin.
Robin is heavily wounded.
The hobgoblin no longer looks unusually strong.
The goblin barely misses you. You furiously retaliate!
You headbutt the goblin.
You kill the goblin!
The goblin hits you but does no damage. The hobgoblin barely misses you.
Robin hits you with a +0 short sword. The goblin hits you but does no damage.
The hobgoblin hits you. Robin hits you but does no damage.
The goblin hits you but does no damage.
You shoot a sling bullet. The sling bullet closely misses Robin.
The sling bullet hits the hobgoblin.
The hobgoblin is severely wounded.
The goblin hits you with a +0 dagger. Robin hits you but does no damage.
The goblin hits you with a +0 dagger. The hobgoblin barely misses you.
You shoot a sling bullet. The sling bullet closely misses Robin.
The sling bullet hits the hobgoblin.
The hobgoblin is almost dead.
The goblin no longer looks unusually strong.
Robin closely misses you. The goblin barely misses you.
The goblin closely misses you. The hobgoblin closely misses you.
You furiously retaliate!
You headbutt the hobgoblin, but do no damage.
You shoot a sling bullet. The sling bullet hits Robin!
Robin is almost dead.
The goblin hits you but does no damage.
Robin drinks a potion.
Robin is healed!
The goblin barely misses you. The hobgoblin barely misses you.
Robin hits you with a +0 short sword. The goblin closely misses you.
The hobgoblin hits you.
You die...

g.......#
g#.#.#..#
..gg.....#
#.#.#g#..#
#...g....##
.#)#.#...
...)....# # .
#.##g#.# #.#
#gg@g#.#...#
...#########g....#
#.............###
#.######....#.#
#..####...
##.#####.#########
#...............
#######....#####
##....#


You could see Robin, 2 hobgoblins and 2 goblins.

Vanquished Creatures
  An adder (D:2)
  4 bats (D:1)
  2 endoplasms (D:1)
  2 giant cockroaches (D:1)
  7 goblins
  4 hobgoblins
  A kobold (D:1)
  A quokka (D:1)
  A ball python (D:1)
  4 frilled lizards
  A rat (D:1)
28 creatures vanquished.

Notes
Turn   | Place    | Note
-------+----------+-------------------------------------------
     0 | D:1      | qw the Minotaur Hexslinger began the quest for the Orb.
     0 | D:1      | Reached XP level 1. HP: 16/16 MP: 1/1
     0 | D:1      | 0 ||| qw: Version: 0.3-a-46-gb1f654a
     0 | D:1      | 0 ||| qw: Game counter: 1917
     0 | D:1      | 0 ||| qw: Melee chars always use a shield: true
     0 | D:1      | 0 ||| qw: God list: Okawaru
     0 | D:1      | 0 ||| qw: Allow faded altars: false
     0 | D:1      | 0 ||| qw: Do Orc after clearing Dungeon:15 true
     0 | D:1      | 0 ||| qw: Do second Lair branch before Depths: true
     0 | D:1      | 0 ||| qw: Lair rune preference: random
     0 | D:1      | 0 ||| qw: Goals: Normal
     0 | D:1      | 0 ||| PLANNING D:1-11
   133 | D:1      | Reached skill level 3 in Ranged Weapons
   133 | D:1      | Reached XP level 2. HP: 23/23 MP: 2/2
   169 | D:1      | Found Inoned's Jewellery Emporium.
   343 | D:1      | 343 ||| SHOPLISTING amulet of reflection (330 gold, have
                  | 42).
   343 | D:1      | 343 ||| SHOPLISTING amulet of the acrobat (330 gold, have
                  | 42).
   343 | D:1      | 343 ||| SHOPLISTING ring of resist corrosion (220 gold,
                  | have 42).
   555 | D:1      | 555 ||| UPGRADING to +0 ring mail.
   565 | D:1      | 565 ||| DROPPING +0 robe.
   566 | D:1      | 566 ||| UPGRADING to +6 ring of strength.
   567 | D:1      | 567 ||| READING scroll labelled XEILYI INEOF.
   568 | D:1      | 568 ||| READING 2 scrolls labelled XUIK COENINU.
   569 | D:1      | 569 ||| READING 2 scrolls labelled FAATUM MASSIMI.
   574 | D:1      | 574 ||| READING 3 scrolls labelled ENNIPH SAZAT.
   575 | D:1      | 575 ||| READING scroll labelled VEUCVI BUXT.
   576 | D:1      | 576 ||| READING 2 scrolls of identify.
   576 | D:1      | 576 ||| IDENTIFYING green potion
   577 | D:1      | 577 ||| DROPPING scroll of poison.
   578 | D:1      | 578 ||| DROPPING scroll of vulnerability.
   598 | D:2      | 598 ||| STAIRDANCE
   776 | D:2      | HP: 6/24 [adder (4)]
   777 | D:2      | 777 ||| READING scroll of teleportation.
   780 | D:2      | Reached XP level 3. HP: 5/29 MP: 3/3
   781 | D:2      | HP: 3/29 [poisoned by an adder]
   929 | D:2      | Noticed Robin
   934 | D:2      | 934 ||| Stepping ~*~*~tactically~*~*~ (outnumbered).
   944 | D:2      | HP: 7/29 [hobgoblin[Robin] (4)]
   947 | D:2      | HP: 1/29 [Robin/+0 short sword (4)]
   947 | D:2      | Slain by a hobgoblin

Levels and vault maps discovered:
D:1:      lemuel_arrival_broad_hall, layout_loops_cross, serial_shops, shop
D:2:      layout_basic, serial_glass, glass_columns_b, glass_columns_c,
          serial_shops, shop, nrook_mini_backslash, uniq_robin

Skill      XL: |  1  2 |
---------------+-------+-----
Ranged Weapons | 3 |  3.9
Fighting       | 2 |  2.0
Dodging        | |  2.1
Spellcasting   | |  1.0
Hexes          | |  2.0

Action                     || total
---------------------------++-------
   Fire: Sling             ||    77
    Use: Scroll            ||     7
 Armour: Robe              ||     3
         Ring mail         ||    20
  Dodge: Dodged            ||    31

Table legend:
 A = Non-vault XP
 B = Vault XP
 C = Vault XP percentage of total XP
 D = Non-vault monster count
 E = Vault monster count
 F = Vault count percentage of total count
                 A         B        C        D         E       F
            +---------+---------+-------+---------+---------+-------
      Total |      48 |       9 |  15.8 |      23 |       5 |  17.9
            +---------+---------+-------+---------+---------+-------
        D:1 |      29 |       0 |   0.0 |      19 |       0 |   0.0
        D:2 |      19 |       9 |  32.1 |       4 |       5 |  55.6
            +---------+---------+-------+---------+---------+-------
